 Dungeon Crawl Stone Soup version 0.21.1-1-g345015fe64 (webtiles) character file.

0 Gargoyl the Skirmisher (level 1, -1/18 (19) HPs)
             Began as a Centaur Abyssal Knight on Feb 26, 2018.
             Was a Follower of Lugonu.
             Engulfed by a death drake (shapeshifter)'s foul pestilence (2 damage)
             ... on level 1 of the Abyss.
             The game lasted 00:01:01 (202 turns).

Gargoyl the Skirmisher (Centaur Abyssal Knight)      Turns: 202, Time: 00:01:01

HP:   -1/18 (19)    AC:  4    Str: 14      XL:     1   Next: 0%
MP:   2/2           EV:  9    Int:  5 (7)  God:    Lugonu [*.....]
Gold: 0             SH:  0    Dex:  8      Spells: 0/0 levels left

rFire    . . .     SeeInvis .   a - +1 hand axe
rCold    . . .     Gourm    .   (no shield)
rNeg     . . .     Faith    .   b - +0 leather armour
rPois    .         Spirit   .   (no helmet)
rElec    .         Reflect  .   (no cloak)
rCorr    .         Harm     .   (no gloves)
MR       .....     Rnd*Rage +   (no barding)
Stlth    ..........             (no amulet)
HPRegen  0.06/turn              (no ring)
MPRegen  0.08/turn              (no ring)

@: lethally poisoned (-1 -> -42), very quick
A: large, hooves 3, [berserk 3], [blurry vision 2], deformed body, [dopey 2],
speed 2, [low mp 2], tough skin 3, [no potion heal 2], [MP-powered wands]
a: Depart the Abyss, Renounce Religion


You were on level 1 of the Abyss.
You worshipped Lugonu.
Lugonu was aware of your devotion.
You were not hungry.

You visited 0 branches of the dungeon, and saw 0 of its levels.
You visited the Abyss 1 time.

Inventory:

Hand Weapons
 a - a +1 hand axe (weapon)
Armour
 b - a +0 leather armour (worn)
Comestibles
 c - a ration


   Skills:
 + Level 3.0 Fighting
 + Level 1.7 Axes
 + Level 1.3 Armour
 + Level 0.6 Dodging
 + Level 2.0 Invocations


You couldn't memorise any spells.
You didn't know any spells.

Dungeon Overview and Level Annotations

Branches:
Dungeon (0/15)

Altars:


Innate Abilities, Weirdness & Mutations

You have hooves in place of feet.
Armour fits poorly on your strangely shaped body.
You cover ground very quickly.
You have extremely tough skin. (AC +3)
[You have an uncontrollable temper.]
[Scrolls take you longer to read.]
[You are very dopey. (Int -4)]
[Your magical capacity is very low. (-20% MP)]
[Potions are poor at restoring your health.]
[You expend magic power (3 MP) to strengthen your wands.]


Message History

Found a ring mail.
The wretched star pulses with an eldritch light!
You feel less energetic. x2; You feel extremely angry at everything!
Found a dented citrine amulet.
A smoke demon comes into view.
A small abomination comes into view.
The wretched star glows turbulently.
The orb of energy hits you!
Ouch! That really hurt!
* * * LOW HITPOINT WARNING * * *
A death drake comes into view.
The death drake hisses angrily.
The death drake breathes miasma at you. The foul vapour engulfs you!
You are lethally poisoned!
You feel your flesh rotting away!
* * * LOW HITPOINT WARNING * * *
You are engulfed in dark miasma.
You are more poisoned.
You die...

.# . ## . #. .#
#.## ...
.###k#.
..#...§. #..§.§
#§§§## #§§§## #
#..#§#@.#.##.##
#§.§.## ....#
#..###..# #.#
##.###
#..###....# . .
#. #.#...#.#
.....#.#...###.
........#x#...#
.###.#....#


There were no monsters in sight!

Vanquished Creatures (others)
  6 starspawn tentacles (Abyss:1)
6 creatures vanquished.

Notes
Turn   | Place    | Note
-------+----------+-------------------------------------------
     0 | Abyss:1  | Gargoyl the Centaur Abyssal Knight began the quest for the Orb.
     0 | Abyss:1  | Reached XP level 1. HP: 19/19 MP: 2/2
    51 | Abyss:1  | Noticed a tentacled starspawn
    51 | Abyss:1  | Noticed a bone dragon
    53 | Abyss:1  | Noticed a sky beast
   100 | Abyss:1  | Noticed a small abomination
   122 | Abyss:1  | Noticed a tentacled starspawn
   122 | Abyss:1  | Noticed a neqoxec
   143 | Abyss:1  | Noticed a rust devil
   144 | Abyss:1  | Noticed a smoke demon
   144 | Abyss:1  | Noticed a large abomination
   152 | Abyss:1  | Noticed a quasit
   155 | Abyss:1  | Noticed a raiju
   162 | Abyss:1  | Noticed a wretched star
   163 | Abyss:1  | Noticed a large abomination
   169 | Abyss:1  | Noticed a large abomination
   178 | Abyss:1  | Noticed a small abomination
   179 | Abyss:1  | Noticed a starcursed mass
   185 | Abyss:1  | Noticed a smoke demon
   185 | Abyss:1  | Noticed a small abomination
   201 | Abyss:1  | Noticed a death drake
   202 | Abyss:1  | Engulfed by a death drake (shapeshifter)'s foul pestilence

Action                   || total
-------------------------++-------
  Use: Potion            ||     1
